 Dungeon Crawl Stone Soup version 0.32-a0-960-g3814254bd7 (webtiles) character file.

Game seed: 4437832822052045469

149 trashops the Chopper (level 5, -2/46 HPs)
             Began as a Mountain Dwarf Fighter on Apr 17, 2024.
             Slain by a crocodile (13 damage)
             ... in a sewer.
             The game lasted 00:03:28 (1864 turns).

trashops the Chopper (Mountain Dwarf Fighter)       Turns: 1864, Time: 00:03:28

Health: -2/46      AC: 10    Str: 20    XL:     5   Next: 9%
Magic:  5/5        EV:  8    Int:  9    God:
Gold:   185        SH:  4    Dex:  9    Spells: 4/4 levels left

rFire   . . .        a - +0 war axe
rCold   . . .        c - +0 buckler
rNeg    . . .        b - +0 scale mail
rPois   .            (no helmet)
rElec   .            (no cloak)
rCorr   .            (no gloves)
SInv    .            f - +2 pair of boots
Will    .....        (no amulet) Stlth
                     (no ring)
HPRegen 0.27/turn    (no ring)
MPRegen 0.09/turn

%: no passive effects
@: mighty, studying Fighting, very slow
A: runic magic, artefact enchanting
a: no special abilities


You were in a sewer.
You visited 1 branch of the dungeon, and saw 3 of its levels.
You also visited: Sewer.

You collected 185 gold pieces.

Inventory:

Hand Weapons
 a - a +0 war axe (weapon)
Armour
 b - a +0 scale mail (worn)
 c - a +0 buckler (worn)
 f - a +2 pair of boots (worn)
Scrolls
 e - a scroll of revelation {unknown}
 m - 2 scrolls of silence


   Skills:
 * Level 4.2 Fighting
 * Level 4.6 Axes
 * Level 4.3 Armour
 + Level 3.5 Shields


You had 4 spell levels left.
You didn't know any spells.
Your spell library contained the following spells:

 Spells                   Type           Power      Damage    Failure   Level
 Static Discharge         Conj/Air       0%         3-3/arc   67%         2
 Airstrike                Air            0%         2d(0-16)  99%         4
 Summon Lightning Spire   Summ/Air       0%         N/A       99%         4


Dungeon Overview and Level Annotations

Branches:
Dungeon (3/15)              Sewer (1/1)

Altars:

Shops:
D:2 [


Innate Abilities, Weirdness & Mutations

Your spellcasting is much less encumbered by armour.
You can use scrolls of enchantment on lesser artefacts.


Message History

You enter the shallow water.
Moving in this stuff is going to be slow.
A frilled lizard comes into view.
You block the frilled lizard's attack.
You hit the frilled lizard.
You kill the frilled lizard!
A crocodile and 2 rats come into view.
The rat squeaks loudly. x2; You hear a loud squeak.
The crocodile closely misses you. The crocodile bites you.
The crocodile bites you.
The crocodile bites you but does no damage.
The crocodile attacks as it pursues you!
The crocodile bites you. The crocodile drags you backwards!
Splash!
The crocodile bites you but does no damage.
The crocodile bites you! The crocodile drags you backwards!
Splash!
The crocodile bites you but does no damage.
The crocodile bites you!
* * * LOW HITPOINT WARNING * * *
The crocodile drags you backwards!
Splash!
You feel very mighty all of a sudden. The crocodile bites you.
* * * LOW HITPOINT WARNING * * *
You slash the crocodile!
The crocodile is moderately wounded.
The crocodile barely misses you. You block the crocodile's attack.
Your unstable footing causes you to fumble your attack.
The crocodile barely misses you.
You barely miss the crocodile.
The crocodile is moderately wounded.
The crocodile completely misses you.
You closely miss the crocodile.
The crocodile is moderately wounded.
The crocodile closely misses you.
You barely miss the crocodile.
The crocodile is moderately wounded.
The crocodile bites you!
You die...

.# ## ... .. ~~~~ #. ####
#≈≈≈#. #### ##..~
#≈~~#############..####.~≈~
#≈≈~~~~rrl@~~~~..~.†~~.~≈≈.
##########≈~≈≈≈≈≈≈≈~≈≈≈≈≈..
####################
#∩∩~~~††..........##
###~~~.########~..#. ##~.##
#~~... #### ######


You could see a crocodile and 2 rats.

Vanquished Creatures
  An orc priest (D:3)
  An orc wizard (D:3)
  3 adders
  A river rat (Sewer)
  2 dart slugs (D:1)
  2 orcs (D:3)
  7 ball pythons
  7 bats
  4 endoplasms
  3 giant cockroaches
  2 goblins (D:1)
  3 hobgoblins
  3 jackals (D:1)
  2 quokkas
  4 frilled lizards
  3 kobolds
  8 rats
56 creatures vanquished.

Notes
Turn   | Place    | Note
-------+----------+-------------------------------------------
     0 | D:1      | trashops the Mountain Dwarf Fighter began the quest for the
                  | Orb.
     0 | D:1      | Reached XP level 1. HP: 19/19 MP: 1/1
   126 | D:1      | Reached XP level 2. HP: 26/26 MP: 2/2
   611 | D:1      | Reached XP level 3. HP: 31/33 MP: 3/3
  1077 | D:2      | Found Otaenk's Antique Armour Shop.
  1129 | D:2      | Identified the +2 dagger of Indomitability {vamp, rC+
                  | Str+3}
  1256 | D:2      | Found a faded altar of an unknown god.
  1404 | D:3      | Reached XP level 4. HP: 23/40 MP: 4/4
  1751 | D:3      | Found a glowing drain.
  1761 | Sewer    | Entered a sewer
  1777 | Sewer    | Reached XP level 5. HP: 46/46 MP: 5/5
  1849 | Sewer    | Noticed a crocodile
  1864 | Sewer    | Slain by a crocodile

Illustrated notes

Levels and vault maps discovered:
D:1:      scummos_arrival_simple_crosswalls, layout_loops_ring,
          minmay_misc_feat_doors
D:2:      layout_rooms, hellmonk_ecumenical_altar_heavens_door, serial_shops,
          nicolae_shop_statue_plus, patterned_corridor
D:3:      layout_basic, portal_sewer_entry_d, kennysheep_generic_room_15
Sewer:    sewer_sea

Skill      XL: |  1  2  3 |
---------------+----------+-----
Axes           | 4 |  4.6
Armour         | 4 |  4.3
Fighting       | 4 |  4.2
Shields        | |  3.5

Action                     |  1- 3 |  4- 6 || total
---------------------------+-------+-------++-------
  Melee: War axe           |   115 |    49 ||   164
    Use: Scroll            |     7 |       ||     7
         Potion            |     2 |     1 ||     3
   Stab: Invisible         |     1 |       ||     1
 Armour: Scale mail        |   117 |    35 ||   152
  Dodge: Dodged            |    61 |    26 ||    87
  Block: Buckler           |    39 |     8 ||    47

Table legend: (Time is in decaauts)
 A = Elapsed time spent in this place.
 B = Non-inter-level travel time spent in this place.
 C = Inter-level travel time spent in this place.
 D = Time resting spent in this place.
 E = Time spent auto-exploring this place.
 F = Levels seen in this place.
 G = Mean time per level.
                   A        B        C        D        E       F      G
               +--------+--------+--------+--------+--------+-----+--------+
         Total |   1943 |   1917 |     26 |    121 |   1156 |   4 |  485.8 |
       Dungeon |   1815 |   1789 |     26 |    121 |   1112 |   3 |  605.0 |
         Sewer |    127 |    127 |      0 |      0 |     44 |   1 |  127.0 |
               +--------+--------+--------+--------+--------+-----+--------+

Top non-repeatable levels by time:
     D:1: 793 daAuts
     D:2: 636 daAuts
     D:3: 384 daAuts
   Sewer: 127 daAuts
